 Dungeon Crawl Stone Soup version 0.30.0-29-ga12c61a403 (webtiles) character file.

Game seed: 17886645210977094533

81 monsoonserge the Chiller (level 4, -1/31 HPs)
             Began as a Merfolk Ice Elementalist on June 10, 2023.
             Slain by a hobgoblin
             ... wielding a +0 trident
             ... led by Robin
              (15 damage)
             ... on level 2 of the Dungeon.
             The game lasted 00:06:01 (1316 turns).

monsoonserge the Chiller (Merfolk Ice Elementalist) Turns: 1316, Time: 00:06:02

Health: -1/31      AC:  7    Str:  8    XL:     4   Next: 40%
Magic:  2/7        EV: 12    Int: 16    God:
Gold:   70         SH:  0    Dex: 14    Spells: 0/7 levels left

rFire   . . .        m - +1 dagger (drain)
rCold   . . .        (no shield)
rNeg    . . .        d - +0 leather armour
rPois   .            (no helmet)
rElec   .            (no cloak)
rCorr   .            (no gloves)
SInv    .            (no boots)
Will    .....        (no amulet)
Stlth   ++           (no ring)
HPRegen 0.25/turn    (no ring)
MPRegen 0.10/turn

%: no passive effects
@: ice-armoured
A: (nimble swimmer 2), mertail
a: no special abilities


You were on level 2 of the Dungeon.
You visited 1 branch of the dungeon, and saw 2 of its levels.

You collected 70 gold pieces.

Inventory:

Hand Weapons
 m - a +1 dagger of draining (weapon)
Missiles
 c - 2 javelins (quivered)
 j - 3 throwing nets
Armour
 a - a +0 robe
 d - a +0 leather armour (worn)
Magical Staves
 n - a staff of air
Scrolls
 h - a scroll of blinking {unknown}
 i - a scroll of identify {unknown}
 k - a scroll of teleportation {unknown}
Potions
 b - a potion of magic
 e - a potion of brilliance {unknown}
 f - a potion of flight {unknown}
 g - a potion of heal wounds {unknown}
 l - a potion of curing {unknown}


   Skills:
 + Level 0.7 Fighting
 + Level 0.2 Short Blades
 * Level 0.3 Armour
 + Level 3.2 Dodging
 + Level 2.7 Stealth
 * Level 2.1 Spellcasting
 + Level 5.6 Ice Magic


You couldn't memorise any spells.
You knew the following spells:

 Your Spells              Type           Power      Damage    Failure   Level
a - Freeze                Ice            76%        1d8       3%          1
b - Frozen Ramparts       Ice            38%        1d6       9%          3
c - Ozocubu's Armour      Ice            19%        N/A       9%          3

Your spell library contained the following spells:

 Spells                   Type           Power      Damage    Failure   Level
 Ensorcelled Hibernation  Hex/Ice        20%        N/A       14%         2
 Hailstorm                Conj/Ice       10%        3d5       28%         3
 Spider Form              Tmut/Pois      1%         N/A       65%         3
 Summon Ice Beast         Ice/Summ       10%        N/A       67%         4
 Anguish                  Hex/Necr       0%         N/A       96%         4


Dungeon Overview and Level Annotations

Branches:
Dungeon (2/15)

Altars:


Innate Abilities, Weirdness & Mutations

((You are very nimble when in or above water. (Stealth+, EV+, Speed+++)))
Your lower body shifts to a powerful aquatic tail in water.


Message History

You hit the endoplasm.
The endoplasm is heavily wounded.
A goblin comes into view. It is wielding a +0 club.
The endoplasm freezes you.
You are frozen.
The hobgoblin hits you from afar with a +0 trident!
You hit the endoplasm.
You kill the endoplasm!
The hobgoblin barely misses you.
You aren't carrying any items that you can evoke.
You barely miss Robin.
Robin is lightly wounded.
A rat comes into view.
The hobgoblin barely misses you. Robin hits you but does no damage.
You hit Robin but do no damage. You drain Robin.
Robin is lightly wounded.
The goblin no longer looks unusually strong.
The hobgoblin hits you from afar with a +0 trident.
Robin barely misses you.
You hit Robin but do no damage.
Robin is lightly wounded.
The hobgoblin barely misses you. Robin hits you but does no damage.
You hit Robin. You drain Robin.
Robin is severely wounded.
The hobgoblin hits you from afar with a +0 trident.
Robin barely misses you.
You hit Robin. You drain Robin.
Robin is almost dead.
The hobgoblin barely misses you.
Robin says, "A pitiful Merfolk like you will never find the ORB!"
Robin hits you but does no damage.
You hit Robin but do no damage.
Robin is almost dead.
The hobgoblin hits you from afar with a +0 trident.
Robin roars a battlecry!
The goblin goes into a battle-frenzy!
You hit Robin but do no damage. You drain Robin.
You kill Robin!
The hobgoblin hits you from afar with a +0 trident!
You die...

.....###.#
#.##.#
#........#
#.##.#
..######.#
#....# ###
#.# ####.#
# #.# #.#
## #.# #.#
.##### #.#
.......
#)#
.######
#@# .# #r#
.# #.g# .#
#gg# .#
#rg# .#
.... .....
...(.
.......


You could see a quokka, 2 hobgoblins, 2 goblins and a rat.

Vanquished Creatures
  Robin (D:2)
  3 gnolls (D:2)
  A worm (D:2)
  A dart slug (D:2)
  3 ball pythons
  5 endoplasms
  2 giant cockroaches (D:1)
  9 goblins
  4 hobgoblins
  A quokka (D:1)
  3 bats
  2 frilled lizards
  3 kobolds
  6 rats
44 creatures vanquished.

Notes
Turn   | Place    | Note
-------+----------+-------------------------------------------
     0 | D:1      | monsoonserge the Merfolk Ice Elementalist began the quest
                  | for the Orb.
     0 | D:1      | Reached XP level 1. HP: 13/13 MP: 3/3
     0 | D:1      | Noticed an ogre
     1 | D:1      | Noticed a vampire
     1 | D:1      | Noticed a troll
     7 | D:1      | Noticed a minotaur
    12 | D:1      | Noticed a gargoyle
    14 | D:1      | Noticed a human
    14 | D:1      | Noticed a tengu
    16 | D:1      | Noticed a minotaur
    16 | D:1      | Noticed a ghoul
    16 | D:1      | Noticed an ogre
    18 | D:1      | Noticed a demonspawn
    18 | D:1      | Noticed a spriggan
   275 | D:1      | Reached XP level 2. HP: 19/19 MP: 5/5
   438 | D:1      | Reached skill level 5 in Ice Magic
   785 | D:2      | Noticed Robin
   791 | D:1      | Reached XP level 3. HP: 14/23 MP: 6/6
   873 | D:2      | Learned a level 3 spell: Frozen Ramparts
  1062 | D:2      | Reached XP level 4. HP: 29/31 MP: 3/7
  1074 | D:2      | Learned a level 3 spell: Ozocubu's Armour
  1316 | D:2      | Killed Robin
  1316 | D:2      | Slain by a hobgoblin

Illustrated notes

Levels and vault maps discovered:
D:1:      shiori_arrival_whats_in_store_for_you, layout_loops_ring, st_stairs_3,
          chequers_serial_rivers_marsh
D:2:      layout_loops_ring, uniq_robin, uniq_crazy_yiuf_cottage

Skill      XL: |  1  2 |
---------------+-------+-----
Ice Magic      | 5 |  5.6
Dodging        | 3 |  3.2
Fighting       | |  0.7
Short Blades   | |  0.2
Armour         | |  0.3
Stealth        | |  2.7
Spellcasting   | |  2.1

Action                     |  1- 3 |  4- 6 || total
---------------------------+-------+-------++-------
  Melee: Hand axe          |    18 |       ||    18
         Flail             |    45 |       ||    45
         Dagger            |    22 |    22 ||    44
  Throw: Javelin           |       |     1 ||     1
   Cast: Freeze            |     7 |       ||     7
         Frozen Ramparts   |     1 |     2 ||     3
         Ozocubu's Armour  |       |     1 ||     1
   Stab: Sleeping          |     5 |       ||     5
 Armour: Robe              |    17 |       ||    17
         Leather armour    |     5 |     4 ||     9
  Dodge: Dodged            |    54 |    13 ||    67
